 Dungeon Crawl Stone Soup version 0.20.0-8-g6b59dc7 (webtiles) character file.

80 Ketharn the Slasher (level 4, -1/35 HPs)
             Began as a Vampire Fighter on May 30, 2017.
             Was an Initiate of Makhleb.
             Succumbed to an orc's poison
             ... on level 3 of the Dungeon.
             The game lasted 00:11:24 (2208 turns).

Ketharn the Slasher (Vampire Fighter)               Turns: 2208, Time: 00:11:25

Health: -1/35      AC: 10    Str: 16    XL:     4   Next: 18%
Magic:  4/4        EV:  4    Int: 10    God:    Makhleb [......]
Gold:   83         SH:  8    Dex: 13    Spells: 3/3 levels left

rFire    . . .     SeeInvis +   a - +1 long sword
rCold    . . .     Gourm    .   c - +0 shield
rNeg     + . .     Faith    .   h - +0 chain mail
rPois    .         Spirit   .   (no helmet)
rElec    .         Reflect  .   (no cloak)
rCorr    .         Harm     .   r - +0 pair of gloves
MR       .....                  (no boots)
Stlth    ..........             (no amulet)
Regen    0.2/turn               (no ring)
MPRegen  0.1/turn               (no ring)

@: lethally poisoned (-1 -> -19)
A: fangs 3, see invisible, unbreathing
a: Bat Form, Renounce Religion


You were on level 3 of the Dungeon.
You worshipped Makhleb.
Makhleb was noncommittal.
You were not thirsty.

You visited 1 branch of the dungeon, and saw 3 of its levels.

You collected 83 gold pieces.

Inventory:

Hand Weapons
 a - a +1 long sword (weapon)
Armour
 c - a +0 shield (worn)
 h - a +0 chain mail (worn)
 r - a +0 pair of gloves (worn)
Jewellery
 i - an uncursed ring of wizardry {unknown}
 k - an uncursed ring of positive energy {unknown}
 m - an uncursed ring of flight {unknown}
 q - an uncursed ring of stealth {unknown}
Scrolls
 b - 2 scrolls of identify
 f - 4 scrolls of fear
 o - a scroll of magic mapping
 s - a scroll of amnesia {unknown}
 v - a scroll of enchant weapon
Potions
 d - 2 potions of might
 e - 11 potions of blood
 g - 3 potions of resistance {unknown}
 j - a potion of mutation {unknown}
 l - a potion of invisibility {unknown}
 n - a potion of haste {unknown}
 p - 3 potions of curing {unknown}
 t - 2 potions of flight {unknown}
 u - a potion of lignification {unknown}


   Skills:
 + Level 3.0 Fighting
 * Level 3.3 Long Blades
 + Level 3.0 Armour
 + Level 0.4 Dodging
 + Level 2.9 Shields


You had 3 spell levels left.
You didn't know any spells.

Dungeon Overview and Level Annotations

Branches:
Dungeon (3/15)

Altars:
Ashenzari
Makhleb
Ru
Trog
Vehumet


Innate Abilities, Weirdness & Mutations

You have razor-sharp teeth.
You have supernaturally acute eyesight. (SInv)
You can survive without breathing.


Message History

The orc hits you.
* * * LOW HITPOINT WARNING * * *
* * * LOW HITPOINT WARNING * * *
You feel sick.
The orc throws a tomahawk.
The tomahawk hits you but does no damage.
You block the orc's attack. You block the goblin's attack.
You see here a tomahawk.
You closely miss the goblin.
* * * LOW HITPOINT WARNING * * *
You feel sick. The orc hits you but does no damage.
The goblin hits you with an uncursed club.
* * * LOW HITPOINT WARNING * * *
You block the orc's attack.
* * * LOW HITPOINT WARNING * * *
You feel sick.
The orc throws a tomahawk.
You block the tomahawk. You block the goblin's attack.
You see here a tomahawk.
* * * LOW HITPOINT WARNING * * *
You feel sick.
You die...

#.........................
#................?........
#.........................
#........†...........[...#
#........................#
#........................#
#...)............(........
#..............g.).......#
#............@.o(o)......#
#....).........o.........#
#.............(......^...#
#..............!.........#
#........................#
#............#############
###.........## #)#########
#.#


You could see 3 orcs and a goblin.

Vanquished Creatures
  2 oozes (D:1)
  2 worms
  2 dart slugs (D:2)
  2 leopard geckos (D:1)
  2 orcs (D:3)
  4 bats
  4 giant cockroaches
  5 hobgoblins
  7 jackals
  5 kobolds
  A quokka (D:1)
  5 frilled lizards
  5 goblins
  11 rats
57 creatures vanquished.

Notes
Turn   | Place    | Note
-------+----------+-------------------------------------------
     0 | D:1      | Ketharn the Vampire Fighter began the quest for the Orb.
     0 | D:1      | Reached XP level 1. HP: 17/17 MP: 1/1
    98 | D:1      | Reached XP level 2. HP: 20/23 MP: 2/2
   802 | D:1      | Reached XP level 3. HP: 28/28 MP: 3/3
  1147 | D:2      | Found a shattered altar of Ashenzari.
  1148 | D:2      | Found a radiant altar of Vehumet.
  1280 | D:2      | Found a burning altar of Makhleb.
  1280 | D:2      | Noticed a balrug
  1284 | D:2      | Noticed a smoke demon
  1284 | D:2      | Noticed a ynoxinul
  1286 | D:2      | Became a worshipper of Makhleb the Destroyer
  1908 | D:2      | Found a sacrificial altar of Ru.
  1910 | D:2      | Found a bloodstained altar of Trog.
  2105 | D:3      | Reached XP level 4. HP: 34/34 MP: 4/4
  2207 | D:3      | HP: 1/35 [poisoned by an orc]
  2208 | D:3      | Succumbed to an orc's poison

Skill      XL: |  1  2  3  4 |
---------------+-------------+-----
Long Blades    | 3 |  3.3
Armour         | 3 |  3.0
Fighting       | 3 |  3.0
Dodging        | |  0.4
Shields        | |  2.9

Action                   |  1- 3 |  4- 6 || total
-------------------------+-------+-------++-------
Melee: Long sword        |   146 |    22 ||   168
       Bite              |    23 |     3 ||    26
 Abil: End Transformatio |     3 |       ||     3
       Bat Form          |     3 |       ||     3
  Use: Scroll            |     4 |       ||     4
       Potion            |     6 |       ||     6
  Eat: Corpse            |     2 |       ||     2
Armor: Chain mail        |   117 |    24 ||   141
Dodge: Dodged            |    29 |     9 ||    38
Block: Shield            |    97 |    21 ||   118
       Rpst.: Long sword |     9 |     3 ||    12
